Workbook
Name _FilterDatabase: CloudPayments!$A$8:$E$1517
Name _FilterDatabase: Сбербанк!$A$8:$D$595

Sheet Отчет
B1: Благотворительный фонд
B2: помощи бездомным животным "РЭЙ"
B4: Отчет о полученных пожертвованиях
B5: и произведенных расходах
B6: за август 2026 года
A8: Остаток средств на 01.08.2026 г. | C8: 1.0107819e+08
A10: Общая сумма поступлений за август 2026 г. | C10: =SUM(C11:C15) -> 3459006.1
A11: Через платежную систему CloudPayments на сайте www.rayfund.ru | C11: =CloudPayments!C1516 -> 1237331.6
A12: Через платежную систему ЮMoney | C12: =ЮMoney!C665 -> 136183.89
A13: Через СМС на короткий номер 3434 | C13: =Смс!C51 -> 3646.34
A14: Через ВТБ | C14: =ВТБ!C78 -> 15024.33
A15: На расчетный счет Фонда в ПАО "Сбербанк" | C15: =Сбербанк!B594 -> 2066820
A17: Произведенные расходы за август 2026 г. | C17: =SUM(C18:C25) -> 6862175.2
A18: Программа "Поддержка приютов" | C18: =Расходы!B31 -> 3192047.7
A19: Программа "Лечение" | C19: =Расходы!B40 -> 349394.67
A20: Программа "Стерилизация" | C20: =Расходы!B60 -> 824903.76
A21: Программа "Рэй.дом" | C21: =Расходы!B77 -> 424580.79
A22: Программа "Мероприятия и работа с общественностью" | C22: =Расходы!B84 -> 440039.98
A23: Программа "Социальное зоотакси "рэй.мобиль" | C23: =Расходы!B89 -> 555010.91
A24: Программа "Рэй.класс" | C24: =Расходы!B93 -> 350190.75
A25: Административно-хозяйственные расходы | C25: =Расходы!B101 -> 726006.67
A27: Остаток средств на 31.08.2026 г. | C27: =C8+C10-C17 -> 97675023
A28: в т.ч. долгосрочные проекты | C28: 95246120

Sheet Расходы
B1: Благотворительный фонд
B2: помощи бездомным животным "РЭЙ"
A4: . | B4: Детализация произведенных расходов
B5: за август 2026 года
A8: Дата платежа | B8: Сумма, руб. | C8: Назначение платежа
A9: Программа "Поддержка приютов"
A10: 01.08.2026 | B10: 41065 | C10: Оплата за игровые комплексы для животных для частного приюта для бездомных животных "Трезор"
A11: 05.08.2026 | B11: 43382 | C11: Оплата за игровые комплексы для животных для приюта для бездомных животных "Зоорассвет"
A12: 12.08.2026 | B12: 181280 | C12: Оплата за антипаразитарные препараты для животных для приюта для бездомных животных "Красная сосна"
A13: 12.08.2026 | B13: 266370 | C13: Оплата за антипаразитарные препараты для животных для приюта для бездомных животных "Бирюлево"
A14: 12.08.2026 | B14: 263410 | C14: Оплата за антипаразитарные препараты для животных для приюта для бездомных животных "Дубовая роща"
A15: 13.08.2026 | B15: 40293 | C15: Оплата за игровые комплексы для животных для частного приюта для бездомных животных "Второй шанс"
A16: 13.08.2026 | B16: 157248 | C16: Оплата за корм для животных для частного приюта для бездомных животных "Дворико"
A17: 13.08.2026 | B17: 246400 | C17: Оплата за корм для животных для частного приюта для бездомных животных "Трезор"
A18: 14.08.2026 | B18: 33000 | C18: Оплата за вакцины для животных для частного приюта для бездомных животных "Дворико"
A19: 18.08.2026 | B19: 185850 | C19: Оплата за корм для животных для частного приюта для бездомных животных "Теремок"
A20: 18.08.2026 | B20: 190212 | C20: Оплата за корм для животных для частного приюта для бездомных животных "Егорка"
A21: 20.08.2026 | B21: 154944 | C21: Оплата за корм для животных для частного приюта для бездомных животных "Трезор"
... A28: 28.08.2026 | B28: 69825 | C28: Оплата за корм для животных для приюта для бездомных животных "Машкинский"
A29: 46235 | B29: 186614 | C29: Оплата труда сотрудников, занятых в реализации программы, за август 2026 г.
B30: 13568.67 | C30: Налоги от ФОТ за июль 2026 г.
A31: Итого | B31: =SUM(B10:B30) -> 3192047.7
A32: Программа "Лечение"
A33: 04.08.2026 | B33: 68610 | C33: Оплата за вет. услуги - анализы, исследования, переливание крови для кота Пух в ветклинике "Доктор Лапушкин"
A34: 20.08.2026 | B34: 49560 | C34: Оплата за вет. услуги - проведение операции, прием врача для кошки Бусинка в ветклинике "Доктор Ветсон"
A35: 25.08.2026 | B35: 3485 | C35: Оплата за вет. услуги - прием врача для кошки Ядвига в ветклинике "Биоконтроль"
A36: 31.08.2026 | B36: 2465 | C36: Оплата за вет. услуги - прием врача для собаки Базилик в ветклинике "Биоконтроль"
A37: 31.08.2026 | B37: 25092 | C37: Оплата лечебного корма для собаки Амулет
A38: 46235 | B38: 186614 | C38: Оплата труда сотрудников, занятых в реализации программы, за август 2026 г.
B39: 13568.67 | C39: Налоги от ФОТ за июль 2026 г.
A40: Итого | B40: =SUM(B33:B39) -> 349394.67
A41: Программа "Стерилизация"
A42: 04.08.2026 | B42: 12800 | C42: Оплата за вет. услуги - стерилизация кошки Манюня, собаки Алиса в ветклинике "Доктор Лапушкин"
A43: 04.08.2026 | B43: 3600 | C43: Оплата за вет. услуги - кастрация котов Босс, Лелик в ветклинике "Асвет"
A44: 05.08.2026 | B44: 15000 | C44: Оплата за вет. услуги - стерилизация кошек Венера, Сирена, Крошка, Мирэль, Линда в ветклинике "ВетДом" пгт Тучково
A45: 05.08.2026 | B45: 24000 | C45: Оплата за вет. услуги - стерилизация кошек Пуся, Стеша, Фрау, Авеню, Пена, Вуаль, Вермишелька, Фергана в ветклинике "ВетДом" пгт Тучково
A46: 11.08.2026 | B46: 47700 | C46: Оплата за вет. услуги - стерилизация кошек Молли, Агата, Селин, Брускетта, Пина-Колада, Виски, собак Боня, Тесса, кастрация кота Рыжик, собаки Кавказ в ветклинике "Доктор Ветсон"
A47: 11.08.2026 | B47: 9500 | C47: Оплата за вет. услуги - кастрация котов Вася, Павлик, собаки Оскар в ветклинике "Доктор Ветсон"
A48: 11.08.2026 | B48: 69800 | C48: Оплата за вет. услуги - стерилизация кошек Коровка, Фея, Ночка, Луна, Марта, Мира, Гайка, Стеша, Алиса, Пуша, Лисичка, собак Рокси, Лана, Тери в ветклинике "Доктор Ветсон"
A49: 12.08.2026 | B49: 33000 | C49: Оплата за вет. услуги - стерилизация кошек Лаура, Майна, Гретта, Мила, Лада, Коррозия, Кадриль, Ракушка, Макушка, Жужа, кастрация котов Валдис, Фараон в ветклинике "ВетДом" пгт Тучково
A50: 14.08.2026 | B50: 30000 | C50: Оплата за вет. услуги - стерилизация кошек Тюлька, Китти, Тильда, Гармошка, Слеза, Фитюлька, Кубышка, Задира, Карела, Вина в ветклинике "ВетДом" пгт Тучково
A51: 18.08.2026 | B51: 12000 | C51: Оплата за вет. услуги - кастрация котов Пыжик, Варнак, Пират, Шахрай в ветклинике "ЗооДубна"
A52: 18.08.2026 | B52: 62500 | C52: Оплата за вет. услуги - стерилизация кошек Глаша, Гуля, Милаша, Триша, Мариша, Двина, Брусильда, Маниша, Терсия, Шаганэ, Рута, Ириска, Иришка в ветклинике "ЗооДубна"
A53: 18.08.2026 | B53: 44500 | C53: Оплата за вет. услуги - стерилизация кошек Клара, Ночка, Даша, Луна, Марсинеза, Дунелла, Лианези, собаки Жоржета, кастрация котов Юстас, Буш в ветклинике "ЗооДубна"
... A57: 28.08.2026 | B57: 22500 | C57: Оплата за вет. услуги - стерилизация кошек Брахея, Бригамия, Ривина, Альбиция, Альпиния, Скиммия, Геликония, кастрация кота Юпитер в ветклинике "ВетДом" пгт Тучково
A58: 46235 | B58: 336259.93 | C58: Оплата труда сотрудников, занятых в реализации программы, за август 2026 г.
B59: 27683.83 | C59: Налоги от ФОТ за июль 2026 г.
A60: Итого | B60: =SUM(B42:B59) -> 824903.76
A61: Программа "Рэй.дом"
A62: 01.08.2026 | B62: 6166.34 | C62: Оплата за расходные материалы
A63: 02.08.2026 | B63: 20487 | C63: Оплата за корм и инвентарь для бездомных животных
A64: 07.08.2026 | B64: 15561 | C64: Оплата за переноску для животных
A65: 09.08.2026 | B65: 4846 | C65: Оплата за корм и инвентарь для бездомных животных
A66: 12.08.2026 | B66: 10000 | C66: Оплата за корм для бездомных животных
A67: 13.08.2026 | B67: 10681 | C67: Оплата за корм для бездомных животных
A68: 15.08.2026 | B68: 1336 | C68: Оплата за расходные материалы
A69: 20.08.2026 | B69: 13000 | C69: Расходы на аренду
A70: 20.08.2026 | B70: 1881.18 | C70: Оплата расходов по газоснабжению и электроэнергии
A71: 22.08.2026 | B71: 8278 | C71: Оплата за расходные материалы
A72: 25.08.2026 | B72: 8534 | C72: Оплата за корм и инвентарь для бездомных животных
A73: 26.08.2026 | B73: 5432 | C73: Оплата за расходные материалы
A74: 31.08.2026 | B74: 1155 | C74: Оплата за предоставление доступа к сети Интернет
A75: 46235 | B75: 294671.25 | C75: Оплата труда сотрудников, занятых в реализации программы, за август 2026 г.
B76: 22552.02 | C76: Налоги от ФОТ за июль 2026 г.
A77: Итого | B77: =SUM(B62:B76) -> 424580.79
A78: Программа "Мероприятия и работа с общественностью"
A79: 07.08.2026 | B79: 22965 | C79: Оплата за сувенирную продукцию
A80: 25.08.2026 | B80: 21485 | C80: Оплата за сувенирную продукцию
A81: 27.08.2026 | B81: 109000 | C81: Оплата за сувенирную продукцию
A82: 46235 | B82: 268703.78 | C82: Оплата труда сотрудников, занятых в реализации программы, за август 2026 г.
B83: 17886.2 | C83: Налоги от ФОТ за июль 2026 г.
A84: Итого | B84: =SUM(B79:B83) -> 440039.98
A85: Программа "Социальное зоотакси "рэй.мобиль"
A86: 17.08.2026 | B86: 91984.21 | C86: Оплата за техническое обслуживание
A87: 46235 | B87: 432296.31 | C87: Оплата труда сотрудников, занятых в реализации программы, за август 2026 г.
B88: 30730.39 | C88: Налоги от ФОТ за июль 2026 г.
A89: Итого | B89: =SUM(B86:B88) -> 555010.91
A90: Программа "Рэй.класс"
A91: 46235 | B91: 332038.25 | C91: Оплата труда сотрудников, занятых в реализации программы, за август 2026 г.
B92: 18152.5 | C92: Налоги от ФОТ за июль 2026 г.
A93: Итого | B93: =B92+B91 -> 350190.75
A94: Административно-хозяйственные расходы
A95: 13.08.2026 | B95: 1000 | C95: Оплата за услуги связи
A96: 46235 | B96: 113213.07 | C96: Расходы на аренду
B97: 570123.31 | C97: Оплата труда АУП (координирование и развитие Фонда, бух. учет) за август 2026 г.
B98: 37137.79 | C98: Налоги от ФОТ за июль 2026 г.
B99: 562.5 | C99: Прочие налоги
B100: 3970 | C100: Комиссия банка
A101: Итого | B101: =SUM(B95:B100) -> 726006.67
A102: Всего | B102: =B31+B40+B60+B77+B84+B89+B93+B101 -> 6862175.2

Sheet CloudPayments
B1: Благотворительный фонд
B2: помощи бездомным животным "РЭЙ"
B4: Пожертвования на сайте www.rayfund.ru
B5: через платёжную систему CloudPayments
B6: за август 2026 года
A8: Дата перечисления | B8: Дата зачисления на р/сч | C8: Сумма, руб. | D8: Благотворитель | E8: Назначение платежа
A9: 46234.006 | B9: 46237 | C9: 100 | D9: Зубова | E9: Благотворительное пожертвование
A10: 46234.049 | B10: 46237 | C10: 3000 | D10: Вадим Ярмак | E10: Благотворительное пожертвование
A11: 46234.14 | B11: 46237 | C11: 450 | D11: Амина Шах Рахманова | E11: Благотворительное пожертвование
A12: 46234.321 | B12: 46237 | C12: 800 | D12: Tatiana | E12: Благотворительное пожертвование
A13: 46234.404 | B13: 46237 | C13: 1258 | D13: Pikuco Admin | E13: Благотворительное пожертвование
A14: 46234.405 | B14: 46237 | C14: 450 | D14: Лилит Невилл | E14: Благотворительное пожертвование
A15: 46234.43 | B15: 46237 | C15: 100 | E15: Благотворительное пожертвование
A16: 46234.467 | B16: 46237 | C16: 300 | E16: Благотворительное пожертвование
A17: 46234.492 | B17: 46237 | C17: 1000 | D17: Артём Игоревич Давыдов | E17: Благотворительное пожертвование
A18: 46234.494 | B18: 46237 | C18: 300 | E18: Благотворительное пожертвование
A19: 46234.499 | B19: 46237 | C19: 2500 | D19: Виктория | E19: Благотворительное пожертвование
A20: 46234.553 | B20: 46237 | C20: 629 | D20: Георгий Четвертков | E20: Благотворительное пожертвование
A21: 46234.553 | B21: 46237 | C21: 500 | E21: Благотворительное пожертвование
A22: 46234.568 | B22: 46237 | C22: 300 | E22: Благотворительное пожертвование
A23: 46234.59 | B23: 46237 | C23: 500 | D23: Евгения Медкова | E23: Благотворительное пожертвование
A24: 46234.667 | B24: 46237 | C24: 2500 | D24: Ри Евгений Юрьевич | E24: Благотворительное пожертвование
A25: 46234.669 | B25: 46237 | C25: 1000 | E25: Благотворительное пожертвование
A26: 46234.684 | B26: 46237 | C26: 600 | D26: Карлина Марина | E26: Благотворительное пожертвование
A27: 46234.697 | B27: 46237 | C27: 1888 | D27: Pikuco Admin | E27: Благотворительное пожертвование
A28: 46234.757 | B28: 46237 | C28: 100 | D28: Yana Gor | E28: Благотворительное пожертвование
A29: 46234.789 | B29: 46237 | C29: 300 | D29: Анна Д | E29: Благотворительное пожертвование
A30: 46234.801 | B30: 46237 | C30: 800 | D30: Мельникова Мария | E30: Благотворительное пожертвование
A31: 46234.854 | B31: 46237 | C31: 100 | D31: Ринат | E31: Благотворительное пожертвование
A32: 46234.897 | B32: 46237 | C32: 100 | D32: Федчишина Валерия | E32: Благотворительное пожертвование
A33: 46234.949 | B33: 46237 | C33: 500 | E33: Благотворительное пожертвование
A34: 46234.975 | B34: 46237 | C34: 1500 | D34: Anastasia | E34: Благотворительное пожертвование
A35: 46235.028 | B35: 46237 | C35: 240 | D35: Толчинский Юрий | E35: Благотворительное пожертвование
A36: 46235.363 | B36: 46237 | C36: 105 | D36: Ekaterina | E36: Благотворительное пожертвование
A37: 46235.409 | B37: 46237 | C37: 5000 | E37: Благотворительное пожертвование
A38: 46235.415 | B38: 46237 | C38: 5000 | D38: Ярослав Княжев | E38: Благотворительное пожертвование
A39: 46235.438 | B39: 46237 | C39: 1500 | D39: Светлана Шупенёва | E39: Благотворительное пожертвование
A40: 46235.443 | B40: 46237 | C40: 200 | E40: Благотворительное пожертвование
A41: 46235.5 | B41: 46237 | C41: 500 | E41: Благотворительное пожертвование
A42: 46235.522 | B42: 46237 | C42: 500 | E42: Благотворительное пожертвование
A43: 46235.54 | B43: 46237 | C43: 300 | E43: Благотворительное пожертвование
A44: 46235.544 | B44: 46237 | C44: 290 | D44: Арийская | E44: Благотворительное пожертвование
A45: 46235.548 | B45: 46237 | C45: 5000 | D45: Олег Тарасов | E45: Благотворительное пожертвование
A46: 46235.556 | B46: 46237 | C46: 100 | E46: Благотворительное пожертвование
A47: 46235.584 | B47: 46237 | C47: 200 | D47: Елена К | E47: Благотворительное пожертвование
A48: 46235.585 | B48: 46237 | C48: 500 | E48: Благотворительное пожертвование
A49: 46235.634 | B49: 46237 | C49: 1500 | D49: Александра Лобоцкая | E49: Благотворительное пожертвование
A50: 46235.634 | B50: 46237 | C50: 1000 | D50: Вадим | E50: Благотворительное пожертвование
A51: 46235.663 | B51: 46237 | C51: 150 | E51: Благотворительное пожертвование
A52: 46235.663 | B52: 46237 | C52: 200 | E52: Благотворительное пожертвование
A53: 46235.684 | B53: 46237 | C53: 50 | D53: Айлин Алиева | E53: Благотворительное пожертвование
A54: 46235.719 | B54: 46237 | C54: 300 | D54: Греховодова Виктория Александровна | E54: Благотворительное пожертвование
A55: 46235.744 | B55: 46237 | C55: 500 | D55: Диана Евдокимова | E55: Благотворительное пожертвование
A56: 46235.758 | B56: 46237 | C56: 500 | D56: Павел Анисимов | E56: Благотворительное пожертвование
A57: 46235.76 | B57: 46237 | C57: 300 | E57: Благотворительное пожертвование
A58: 46235.764 | B58: 46237 | C58: 150 | D58: Мария Максимова | E58: Благотворительное пожертвование
A59: 46235.77 | B59: 46237 | C59: 1000 | E59: Благотворительное пожертвование
A60: 46235.782 | B60: 46237 | C60: 70 | D60: Софья Пьянкова | E60: Благотворительное пожертвование
A61: 46235.818 | B61: 46237 | C61: 2000 | D61: Петр Скворцов | E61: Благотворительное пожертвование
A62: 46235.824 | B62: 46237 | C62: 327 | E62: Благотворительное пожертвование
A63: 46235.835 | B63: 46237 | C63: 200 | D63: Толчинский Юрий | E63: Благотворительное пожертвование
A64: 46235.845 | B64: 46237 | C64: 1500 | D64: Грознов Олег Дмитриевич | E64: Благотворительное пожертвование
A65: 46235.862 | B65: 46237 | C65: 500 | D65: Дементьева Ольга | E65: Благотворительное пожертвование
A66: 46235.883 | B66: 46237 | C66: 100 | D66: Зубова | E66: Благотворительное пожертвование
A67: 46235.908 | B67: 46237 | C67: 600 | D67: Елена Туганова | E67: Благотворительное пожертвование
A68: 46235.915 | B68: 46237 | C68: 300 | E68: Благотворительное пожертвование
A69: 46235.917 | B69: 46237 | C69: 500 | E69: Благотворительное пожертвование
A70: 46235.923 | B70: 46237 | C70: 200 | E70: Благотворительное пожертвование
A71: 46235.941 | B71: 46237 | C71: 200 | E71: Благотворительное пожертвование
A72: 46235.946 | B72: 46237 | C72: 3000 | D72: Роман Магеррамов | E72: Благотворительное пожертвование
A73: 46235.947 | B73: 46237 | C73: 700 | E73: Благотворительное пожертвование
A74: 46235.953 | B74: 46237 | C74: 500 | D74: Елизавета Атошвили | E74: Благотворительное пожертвование
A75: 46235.997 | B75: 46237 | C75: 100 | D75: Mr Oduvanchik | E75: Благотворительное пожертвование
A76: 46236.019 | B76: 46237 | C76: 150 | D76: Евгений Павлов | E76: Благотворительное пожертвование
A77: 46236.031 | B77: 46237 | C77: 5000 | D77: Алексей | E77: Благотворительное пожертвование
A78: 46236.045 | B78: 46237 | C78: 300 | D78: Ева | E78: Благотворительное пожертвование
A79: 46236.133 | B79: 46237 | C79: 1000 | E79: Благотворительное пожертвование
A80: 46236.27 | B80: 46237 | C80: 200 | D80: Данила Симонов | E80: Благотворительное пожертвование
A81: 46236.352 | B81: 46237 | C81: 1000 | E81: Благотворительное пожертвование
A82: 46236.358 | B82: 46237 | C82: 1500 | D82: Сергачева Екатерина | E82: Благотворительное пожертвование
A83: 46236.371 | B83: 46237 | C83: 500 | E83: Благотворительное пожертвование
A84: 46236.413 | B84: 46237 | C84: 200 | E84: Благотворительное пожертвование
A85: 46236.419 | B85: 46237 | C85: 250 | E85: Благотворительное пожертвование
A86: 46236.434 | B86: 46237 | C86: 5000 | D86: Анастасия | E86: Благотворительное пожертвование
A87: 46236.441 | B87: 46237 | C87: 500 | E87: Благотворительное пожертвование
A88: 46236.451 | B88: 46237 | C88: 1500 | D88: Вадим | E88: Благотворительное пожертвование
A89: 46236.453 | B89: 46237 | C89: 500 | E89: Благотворительное пожертвование
A90: 46236.46 | B90: 46237 | C90: 300 | D90: Oleg Oleg | E90: Благотворительное пожертвование
A91: 46236.476 | B91: 46237 | C91: 800 | E91: Благотворительное пожертвование
A92: 46236.488 | B92: 46237 | C92: 150 | D92: Евгения Деордиева | E92: Благотворительное пожертвование
A93: 46236.494 | B93: 46237 | C93: 1000 | E93: Благотворительное пожертвование
A94: 46236.553 | B94: 46237 | C94: 500 | E94: Благотворительное пожертвование
A95: 46236.565 | B95: 46237 | C95: 2500 | D95: Svetlana Vaseeva | E95: Благотворительное пожертвование
A96: 46236.574 | B96: 46237 | C96: 100 | E96: Благотворительное пожертвование
A97: 46236.584 | B97: 46237 | C97: 1000 | D97: Милена Чернова | E97: Благотворительное пожертвование
A98: 46236.594 | B98: 46237 | C98: 1000 | D98: Екатерина Саркисян | E98: Благотворительное пожертвование
A99: 46236.603 | B99: 46237 | C99: 1100 | E99: Благотворительное пожертвование
A100: 46236.61 | B100: 46237 | C100: 100 | D100: Галина Косолобова | E100: Благотворительное пожертвование
A101: 46236.613 | B101: 46237 | C101: 500 | E101: Благотворительное пожертвование
A102: 46236.613 | B102: 46237 | C102: 1000 | E102: Благотворительное пожертвование
...

Sheet ЮMoney
B1: Благотворительный фонд
B2: помощи бездомным животным "РЭЙ"
B4: Пожертвования через платёжную систему ЮMoney
B5: за август 2026 года
A8: Дата перечисления | B8: Дата зачисления на р/сч | C8: Сумма, руб. | D8: Благотворитель (последние 4 цифры номера кошелька ЮMoney) | E8: Назначение
A9: 46234.008 | B9: 46237 | C9: 100 | D9: 2097 | E9: Благотворительное пожертвование
A10: 46234.008 | B10: 46237 | C10: 100 | D10: 12 | E10: Благотворительное пожертвование
A11: 46234.013 | B11: 46237 | C11: 100 | D11: 2097 | E11: Благотворительное пожертвование
A12: 46234.015 | B12: 46237 | C12: 100 | D12: 2097 | E12: Благотворительное пожертвование
A13: 46234.016 | B13: 46237 | C13: 100 | D13: 2097 | E13: Благотворительное пожертвование
A14: 46234.016 | B14: 46237 | C14: 100 | D14: 2097 | E14: Благотворительное пожертвование
A15: 46234.082 | B15: 46237 | C15: 100 | D15: 2427 | E15: Благотворительное пожертвование
A16: 46234.315 | B16: 46237 | C16: 565 | D16: 1183 | E16: Благотворительное пожертвование
A17: 46234.343 | B17: 46237 | C17: 100 | D17: 2831 | E17: Благотворительное пожертвование
A18: 46234.391 | B18: 46237 | C18: 100 | D18: 7073 | E18: Благотворительное пожертвование
A19: 46234.518 | B19: 46237 | C19: 100 | D19: 5188 | E19: Благотворительное пожертвование
A20: 46234.601 | B20: 46237 | C20: 500 | D20: 4771 | E20: Благотворительное пожертвование
... A25: 46234.814 | B25: 46237 | C25: 100 | D25: 3614 | E25: Благотворительное пожертвование
A26: 46234.864 | B26: 46237 | C26: 50 | E26: Благотворительное пожертвование
A27: 46234.947 | B27: 46237 | C27: 1000 | D27: 4216 | E27: Благотворительное пожертвование
A28: 46235 | B28: 46237 | C28: 150 | D28: 2855 | E28: Благотворительное пожертвование
A29: 46235 | B29: 46237 | C29: 100 | D29: 8940 | E29: Благотворительное пожертвование
A30: 46235 | B30: 46237 | C30: 100 | D30: 6890 | E30: Благотворительное пожертвование
A31: 46235 | B31: 46237 | C31: 100 | D31: 7820 | E31: Благотворительное пожертвование
A32: 46235 | B32: 46237 | C32: 100 | D32: 4947 | E32: Благотворительное пожертвование
A33: 46235 | B33: 46237 | C33: 100 | D33: 1064 | E33: Благотворительное пожертвование
A34: 46235 | B34: 46237 | C34: 100 | D34: 5526 | E34: Благотворительное пожертвование
A35: 46235 | B35: 46237 | C35: 100 | D35: 1577 | E35: Благотворительное пожертвование
A36: 46235 | B36: 46237 | C36: 100 | D36: 4112 | E36: Благотворительное пожертвование
A37: 46235 | B37: 46237 | C37: 100 | D37: 8075 | E37: Благотворительное пожертвование
A38: 46235 | B38: 46237 | C38: 200 | D38: 2790 | E38: Благотворительное пожертвование
... A104: 46239 | B104: 46240 | C104: 22 | D104: 9362 | E104: Благотворительное пожертвование
A105: 46239 | B105: 46240 | C105: 25 | E105: Благотворительное пожертвование
A106: 46239 | B106: 46240 | C106: 100 | D106: 7202 | E106: Благотворительное пожертвование
A107: 46239 | B107: 46240 | C107: 100 | D107: 7050 | E107: Благотворительное пожертвование
A108: 46239 | B108: 46240 | C108: 100 | D108: 2097 | E108: Благотворительное пожертвование
A109: 46240 | B109: 46241 | C109: 500 | D109: 6455 | E109: Благотворительное пожертвование
A110: 46240 | B110: 46241 | C110: 100 | D110: 3904 | E110: Благотворительное пожертвование
A111: 46240 | B111: 46241 | C111: 100 | D111: 4190 | E111: Благотворительное пожертвование
A112: 46240 | B112: 46241 | C112: 100 | D112: 3145 | E112: Благотворительное пожертвование
A113: 46240 | B113: 46241 | C113: 40 | D113: 2713 | E113: Благотворительное пожертвование
A114: 46240 | B114: 46241 | C114: 100 | D114: 7584 | E114: Благотворительное пожертвование
A115: 46240 | B115: 46241 | C115: 100 | D115: 3311 | E115: Благотворительное пожертвование
A116: 46240 | B116: 46241 | C116: 100 | D116: 8504 | E116: Благотворительное пожертвование
A117: 46240 | B117: 46241 | C117: 100 | D117: 7987 | E117: Благотворительное пожертвование
... A664: 46265 | B664: 46266 | C664: 100 | D664: 9205 | E664: Благотворительное пожертвование
A665: Зачислено на р/сч за вычетом комиссии оператора | C665: 136183.89
A666: Ожидает зачисления на р/сч за вычетом комиссии оператора | C666: 1650.54

Sheet Смс
B1: Благотворительный фонд
B2: помощи бездомным животным "РЭЙ"
B4: Пожертвования через СМС на короткий номер 3434
B5: за август 2026 года
A8: Дата перечисления | B8: Дата зачисления на р/сч | C8: Сумма, руб. | D8: Благотворитель (последние 4 цифры номера телефона) | E8: Назначение
A9: 46204 | B9: 46237 | C9: 100 | D9: 1606 | E9: Благотворительное пожертвование
A10: 46204 | B10: 46237 | C10: 200 | D10: 1066 | E10: Благотворительное пожертвование
A11: 46205 | B11: 46237 | C11: 10 | D11: 7867 | E11: Благотворительное пожертвование
A12: 46205 | B12: 46237 | C12: 10 | D12: 6218 | E12: Благотворительное пожертвование
A13: 46205 | B13: 46237 | C13: 10 | D13: 5836 | E13: Благотворительное пожертвование
A14: 46206 | B14: 46237 | C14: 50 | D14: 0891 | E14: Благотворительное пожертвование
A15: 46206 | B15: 46237 | C15: 150 | D15: 0027 | E15: Благотворительное пожертвование
A16: 46211 | B16: 46237 | C16: 777 | D16: 2983 | E16: Благотворительное пожертвование
A17: 46212 | B17: 46237 | C17: 50 | D17: 0561 | E17: Благотворительное пожертвование
A18: 46214 | B18: 46237 | C18: 100 | D18: 5175 | E18: Благотворительное пожертвование
A19: 46217 | B19: 46237 | C19: 300 | D19: 4682 | E19: Благотворительное пожертвование
A20: 46219 | B20: 46237 | C20: 300 | D20: 6583 | E20: Благотворительное пожертвование
... A50: 46265 | B50: 46266 | C50: 25 | D50: 0859 | E50: Благотворительное пожертвование
A51: Зачислено на р/сч за вычетом комиссии оператора | C51: 3646.34
A52: Ожидает зачисления на р/сч за вычетом комиссии оператора | C52: 7022.96

Sheet ВТБ
B1: Благотворительный фонд
B2: помощи бездомным животным "РЭЙ"
B4: Пожертвования через ВТБ
B5: за август 2026 года
A8: Дата перечисления | B8: Дата зачисления на р/сч | C8: Сумма, руб. | D8: Благотворитель | E8: Назначение
A9: 46234 | B9: 46237 | C9: 300 | D9: Добронравова Дарья Вячеславовна | E9: Благотворительное пожертвование
A10: 46234 | B10: 46237 | C10: 1000 | D10: НАА | E10: Благотворительное пожертвование
A11: 46234 | B11: 46237 | C11: 100 | D11: Пузанова Татьяна Викторовна | E11: Благотворительное пожертвование
A12: 46235 | B12: 46237 | C12: 111 | D12: Богданова Светлана Сергеевна | E12: Благотворительное пожертвование
A13: 46235 | B13: 46237 | C13: 500 | D13: Королев Александр Николаевич | E13: Благотворительное пожертвование
A14: 46235 | B14: 46237 | C14: 100 | D14: Макарова Елизавета Владимировна | E14: Благотворительное пожертвование
A15: 46235 | B15: 46237 | C15: 100 | D15: Кожевников Глеб Сергеевич | E15: Благотворительное пожертвование
A16: 46236 | B16: 46237 | C16: 300 | D16: Буланова Елена Викторовна | E16: Благотворительное пожертвование
A17: 46236 | B17: 46237 | C17: 100 | D17: Кравченко Оксана Николаевна | E17: Благотворительное пожертвование
A18: 46236 | B18: 46237 | C18: 1000 | D18: Кадетова Илона Андреевна | E18: Благотворительное пожертвование
A19: 46237 | B19: 46238 | C19: 150 | D19: Стрелкова Екатерина Павловна | E19: Благотворительное пожертвование
A20: 46238 | B20: 46239 | C20: 100 | D20: Кравченко Оксана Николаевна | E20: Благотворительное пожертвование
... A77: 46265 | B77: 46266 | C77: 100 | D77: Крук Виктор Владимирович | E77: Благотворительное пожертвование
A78: Зачислено на р/сч за вычетом комиссии оператора | C78: 15024.33
A79: Ожидает зачисления на р/сч за вычетом комиссии оператора | C79: 1455

Sheet Сбербанк
A1: Благотворительный фонд
A2: помощи бездомным животным "РЭЙ"
A4: Поступления на расчетный счет Фонда
A5: в ПАО "Сбербанк"
A6: за август 2026 года
A8: Дата | B8: Сумма, руб. | C8: Благотворитель | D8: Назначение
A9: Благотворительные пожертвования от физических лиц
A10: 02.08.2026 | B10: 100 | C10: РОЖКИНА АННА СЕРГЕЕВНА | D10: Благотворительное пожертвование
A11: 02.08.2026 | B11: 100 | C11: ДОБРЯНСКАЯ ОЛЬГА ГЕННАДЬЕВНА | D11: Благотворительное пожертвование
A12: 02.08.2026 | B12: 100 | C12: ГРИШИНА ЕЛЕНА ВЯЧЕСЛАВОВНА | D12: Благотворительное пожертвование
A13: 02.08.2026 | B13: 200 | C13: ХВОРОВА НАДЕЖДА МИХАЙЛОВНА | D13: Благотворительное пожертвование
A14: 02.08.2026 | B14: 200 | C14: ЗАКИРОВА ИРИНА НАИЛЕВНА | D14: Благотворительное пожертвование
A15: 02.08.2026 | B15: 221.07 | C15: ГОРШИЛОВ АРТЕМ МИХАЙЛОВИЧ | D15: Благотворительное пожертвование
A16: 02.08.2026 | B16: 300 | C16: ДУБКОВА МАРИЯ АЛЕКСЕЕВНА | D16: Благотворительное пожертвование
A17: 02.08.2026 | B17: 500 | C17: СВИДЕРСКАЯ КАРИНА СЕРГЕЕВНА | D17: Благотворительное пожертвование
A18: 02.08.2026 | B18: 500 | C18: УВАРОВ РОМАН СЕРГЕЕВИЧ | D18: Благотворительное пожертвование
A19: 02.08.2026 | B19: 700 | C19: ВАСИЛЬЕВ ЕВГЕНИЙ СЕРГЕЕВИЧ | D19: Благотворительное пожертвование
A20: 02.08.2026 | B20: 1000 | C20: МАКОВСКАЯ АННА АЛЕКСАНДРОВНА | D20: Благотворительное пожертвование
A21: 02.08.2026 | B21: 1500 | C21: ЧЕРНОВА ДАРЬЯ ВЛАДИМИРОВНА | D21: Благотворительное пожертвование
... A574: 31.08.2026 | B574: 5600 | C574: АВДЕЕВА ЕКАТЕРИНА ВАЛЕРЬЕВНА | D574: Благотворительное пожертвование
A575: Итого | B575: 388056.53
A576: Благотворительные пожертвования через мобильный терминал
A577: 16.08.2026 | B577: 29742.41 | C577: Благотворительные пожертвования, собранные на фестивале "ЭМБЕРФЕСТ"
A578: 46251 | B578: 25426.53 | C578: Благотворительные пожертвования, собранные на фестивале "ЭМБЕРФЕСТ"
A579: Итого | B579: 55168.94
A580: Прочие поступления и благотворительные пожертвования
A581: 01.08.2026 | B581: 146.83 | C581: Благотворительное пожертвование, полученное от ИП Гольцман Екатерина Игоревна
A582: 03.08.2026 | B582: 50000 | C582: Благотворительное пожертвование, полученное от ООО "БНС ГРУПП"
A583: 04.08.2026 | B583: 368250 | C583: Благотворительное пожертвование, полученное от ООО "КЕХ ЕКОММЕРЦ"
A584: 25.08.2026 | B584: 150000 | C584: Благотворительное пожертвование, полученное от ООО "СЕТ ГРУПП РУС"
A585: 25.08.2026 | B585: 18718 | C585: Благотворительные пожертвования, полученные от распространения сертификатов на сайте ozon.ru
A586: 46235 | B586: 306.06 | C586: Благотворительные пожертвования, полученные от программы АО "Т-Банк"
B587: 17766.57 | C587: Благотворительные пожертвования, полученные от клиентов ООО «Вайлдберриз Банк» через платформу «RWB Участие»
B588: 8850 | C588: Благотворительные пожертвования, собранные на портале dobro.mail.ru
B589: 158658 | C589: Благотворительные пожертвования, собранные на портале mоs.ru
B590: 77285.8 | C590: Благотворительные пожертвования, совершенные по QR-коду
B591: 718777.11 | C591: Проценты по банковскому счету
B592: 54836.12 | C592: Поступления по деятельности, приносящей доход
A593: Итого | B593: =SUM(B581:B592) -> 1623594.5
A594: Всего | B594: =B593+B575+B579 -> 2066820
